 Dungeon Crawl Stone Soup version 0.17.1-1-g73c8601 (webtiles) character file.

30 HughJohnson the Insei (level 3, 0/20 HPs)
             Began as a Tengu Transmuter on Dec 19, 2015.
             Slain by an adder (3 damage)
             ... on level 2 of the Dungeon.
             The game lasted 00:03:35 (833 turns).

HughJohnson the Insei (Tengu Transmuter)             Turns: 833, Time: 00:03:35

Health: 0/20       AC:  3    Str: 13    XL:     3   Next: 18%
Magic:  6/7        EV: 12    Int: 14    God:
Gold:   22         SH:  0    Dex: 14    Spells: 1 memorised, 5 levels left

rFire  . . .     SeeInvis .       - Unarmed
rCold  . . .     Clarity  .     b - +0 robe
rNeg   . . .     SustAt   .     (no shield)
rPois  .         Gourm    .     (helmet restricted)
rElec  .         Spirit   .     o - +0 cloak
rCorr  .         Warding  .     (no gloves)
rMut   .         Stasis   .     (boots unavailable)
MR     .....                    (no amulet)
Stlth  +.........               (no ring)
                                k - +3 ring of strength

@: appendage (expiring), not resistant to hostile enchantments, very unstealthy
A: beak, horns 2, talons 3
a: End Transformation


You were on level 2 of the Dungeon.
You were not hungry.
You had grown temporary horns.
You visited 1 branch of the dungeon, and saw 2 of its levels.

You collected 22 gold pieces.

Inventory:

Missiles
 a - 30 arrows
Armour
 b - a +0 robe (worn)
 o - a +0 cloak (worn)
Jewellery
 k - a +3 ring of strength (left hand)
 s - an uncursed ring of ice {unknown}
Scrolls
 f - a scroll of random uselessness {unknown}
 h - a scroll of enchant armour {unknown}
 i - a scroll of teleportation {unknown}
 m - 2 scrolls of identify {unknown}
Potions
 g - a potion of resistance {unknown}
 l - a potion of mutation {unknown}
 p - 3 potions of curing {unknown}
 q - a potion of heal wounds {unknown}
 r - a potion of degeneration {unknown}
Books
 c - a book of Changes

   Spells                             Type                      Level
   a - Beastly Appendage              Transmutation                1
   b - Sticks to Snakes               Transmutation                2
   c - Spider Form                    Transmutation/Poison         3
   d - Ice Form                       Ice/Transmutation            4
   e - Blade Hands                    Transmutation                5
Comestibles
 d - a bread ration
 j - a meat ration
 n - a chunk of flesh


   Skills:
 - Level 1.0 Fighting
 - Level 2.1 Dodging
 + Level 4.2 Unarmed Combat
 - Level 2.0 Spellcasting
 * Level 2.0 Transmutations


You had 5 spell levels left.
You knew the following spells:

 Your Spells              Type           Power        Failure   Level  Hunger
a - Beastly Appendage     Trmt           #.....       12%         1    ##.....


Dungeon Overview and Level Annotations

Branches:
Dungeon (2/15)

Altars:

Annotations:
D:2 Robin


Innate Abilities, Weirdness & Mutations

You have a beak for a mouth.
You have claws for feet.
You have a pair of horns on your head.


Message History

You closely miss the adder. You claw the adder, but do no damage.
The adder bites you.
You miss the adder. Your kick misses the adder. Your headbutt misses the adder.
The adder bites you.
You closely miss the adder. Your kick misses the adder. You peck the adder.
The adder is lightly wounded.
The adder bites you but does no damage.
You closely miss the adder. You peck the adder.
The adder is lightly wounded.
Your transformation is almost over.
The adder bites you.
* * * LOW HITPOINT WARNING * * *
The adder bites you.
* * * LOW HITPOINT WARNING * * *
You miss the adder. Your kick misses the adder. The adder bites you.
* * * LOW HITPOINT WARNING * * *
You hit the adder. Your headbutt misses the adder.
The adder is lightly wounded.
The adder bites you.
You die...

........#
g# #<# .#
#?# ###
.##..g....#
..
.####.....#
#. .#
####.##
#.##.##.#
..#
#....<..#
.#
#.....@.# #
#..#.##S#
....... ..#
.##.... ..#
#..#. ...
....#. .$..
##....
..(..
..####


You could see an adder and a hobgoblin.

Vanquished Creatures
  2 oozes (D:1)
  A giant cockroach (D:1)
  8 goblins
  3 hobgoblins (D:1)
  3 kobolds (D:1)
  A bat (D:1)
  2 giant newts (D:1)
  A rat (D:1)
21 creatures vanquished.

Notes
Turn   | Place    | Note
--------------------------------------------------------------
     0 | D:1      | HughJohnson the Tengu Transmuter began the quest for the Orb.
     0 | D:1      | Reached XP level 1. HP: 12/12 MP: 4/4
   103 | D:1      | Reached XP level 2. HP: 14/16 MP: 6/6
   307 | D:1      | Reached skill level 4 in Unarmed Combat
   586 | D:2      | Reached XP level 3. HP: 20/20 MP: 5/7
   592 | D:2      | Noticed Robin
   833 | D:2      | Slain by an adder

Action                   || total
-------------------------++-------
Melee: Unarmed           ||    61
Throw: Tomahawk          ||     2
 Cast: Beastly Appendage ||     5
